3AAA
WICHITA OUTRIDERS @ WARWICK HUNCHBACKS
07/07/2017
 
TOP OF THE 1ST
Lévis Rocks batting - Pitching for Warwick Hunchbacks : RHP Doruk Oyan
Pitching: RHP Doruk Oyan
Batting: RHB Raúl Valadez 0-0: Ball
1-0: Swinging Strike
1-1: Fly out, F8 (Flyball, 8LS)
Batting: RHB Jim Unknown 0-0: Called Strike
0-1: Fly out, F8 (Flyball, 78D)
Batting: SHB Tim Eldridge 0-0: Ball
1-0: Ground out 4-3 (Groundball, 4)
Top of the 1st over - 0 run(s), 0 hit(s), 0 error(s), 0 left on base; Lévis 0 - Warwick 0
BOTTOM OF THE 1ST
Warwick Hunchbacks batting - Pitching for Lévis Rocks : LHP Jim Unknown
Pitching: LHP Jim Unknown
Batting: RHB Greg Robinson 0-0: Ball
1-0: Called Strike
1-1: Swinging Strike
1-2: Foul Ball, location: 2F
1-2: Strikes out swinging
Batting: LHB Dave Harris 0-0: Ground out 3-1 (Groundball, 34)
Batting: RHB Chris Simons 0-0: Called Strike
0-1: Ball
1-1: Ball
2-1: Foul Ball, location: 2F
2-2: Ball
3-2: Strikes out swinging
Bottom of the 1st over - 0 run(s), 0 hit(s), 0 error(s), 0 left on base; Lévis 0 - Warwick 0
TOP OF THE 2ND
Lévis Rocks batting - Pitching for Warwick Hunchbacks : RHP Doruk Oyan
Batting: RHB Cecil Cole 0-0: Ball
1-0: Ball
2-0: Ball
3-0: Called Strike
3-1: Foul Ball, location: 2F
3-2: Strikes out swinging
Batting: SHB Monte Adams 0-0: Called Strike
0-1: SINGLE (Groundball, 6MD)
Batting: LHB Jim Unknown 0-0: Fielders Choice at 2nd, 3-6 (Groundball, 3)
Batting: LHB Jim Unknown 0-0: Ball
1-0: Called Strike
1-1: Ball
2-1: Ground out 4-3 (Groundball, 13)
Top of the 2nd over - 0 run(s), 1 hit(s), 0 error(s), 1 left on base; Lévis 0 - Warwick 0
BOTTOM OF THE 2ND
Warwick Hunchbacks batting - Pitching for Lévis Rocks : LHP Jim Unknown
Batting: RHB Tim Godwin 0-0: Ball
1-0: Foul Ball, location: 2F
1-1: Called Strike
1-2: Strikes out swinging
Batting: RHB Julián Rocha 0-0: Called Strike
0-1: Ball
1-1: Foul Ball, location: 2F
1-2: Ball
2-2: Ground out 5-3 (Groundball, 5S)
Batting: LHB Ted Cracknell 0-0: Called Strike
0-1: Ground out 6-3 (Groundball, 6M)
Bottom of the 2nd over - 0 run(s), 0 hit(s), 0 error(s), 0 left on base; Lévis 0 - Warwick 0
TOP OF THE 3RD
Lévis Rocks batting - Pitching for Warwick Hunchbacks : RHP Doruk Oyan
Batting: RHB Dan Holliday 0-0: Called Strike
0-1: Foul Ball, location: 2F
0-2: Ball
1-2: SINGLE (Line Drive, 8LS)
Batting: RHB Jim Unknown 0-0: Called Strike
0-1: Ball
1-1: Called Strike
1-2: Ball
2-2: Ball
3-2: Base on Balls
Dan Holliday to second
Batting: RHB Raúl Valadez 0-0: Ball
1-0: Foul Ball, location: 2F
1-1: Called Strike
1-2: Fly out, F4 (Line Drive, 4)
Batting: RHB Jim Unknown 0-0: Foul Ball, location: 2F
0-1: Swinging Strike
0-2: Ball
1-2: Foul Ball, location: 2F
1-2: Foul Ball, location: 2F
1-2: Foul Ball, location: 2F
1-2: Fly out, F9 (Flyball, 9M)
Batting: SHB Tim Eldridge 0-0: Ball
1-0: TRIPLE (Flyball, 78M)
Dan Holliday scores
Jim Unknown scores
Batting: RHB Cecil Cole 0-0: Called Strike
0-1: Ground out 6-3 (Groundball, 6M)
Top of the 3rd over - 2 run(s), 2 hit(s), 0 error(s), 1 left on base; Lévis 2 - Warwick 0
BOTTOM OF THE 3RD
Warwick Hunchbacks batting - Pitching for Lévis Rocks : LHP Jim Unknown
Batting: RHB Ronald Sánchez 0-0: Called Strike
0-1: Swinging Strike
0-2: Ball
1-2: SINGLE (Groundball, 5D)
Batting: RHB Eric Russell 0-0: Swinging Strike
0-1: Ball
1-1: Ball
2-1: SINGLE (Groundball, 56D)
Ronald Sánchez to second
Batting: LHB Javier Pérez 0-0: SINGLE (Flyball, 78M)
Ronald Sánchez to third
Eric Russell to second
Runner from 3rd tries for Home, SAFE, no throw or cutoff
Batting: RHB Greg Robinson 0-0: SINGLE (Groundball, 56)
Eric Russell to third
Javier Pérez to second
Runner from 3rd tries for Home, SAFE, no throw or cutoff
Batting: LHB Dave Harris 0-0: Ball
1-0: Ball
2-0: Called Strike
2-1: Swinging Strike
2-2: Ball
3-2: Base on Balls
Javier Pérez to third
Greg Robinson to second
Batting: RHB Chris Simons 0-0: SINGLE (Line Drive, 34D)
Javier Pérez scores
Greg Robinson to third
Dave Harris to second
Batting: RHB Tim Godwin 0-0: Called Strike
0-1: Ball
1-1: Fly out, F9 (Popup, 9LS)
Batting: RHB Julián Rocha 0-0: GRAND SLAM HOME RUN (Flyball, 7D), Distance : 379 ft
Pitching: RHP Jim Unknown
Batting: LHB Ted Cracknell 0-0: Ball
1-0: Called Strike
1-1: Ball
2-1: Foul Ball, location: 2F
2-2: Ball
3-2: Base on Balls
Batting: RHB Ronald Sánchez 0-0: Swinging Strike
0-1: Grounds into double play, 4-6-3 (Groundball, 4)
Bottom of the 3rd over - 7 run(s), 6 hit(s), 0 error(s), 0 left on base; Lévis 2 - Warwick 7
TOP OF THE 4TH
Lévis Rocks batting - Pitching for Warwick Hunchbacks : RHP Doruk Oyan
Batting: SHB Monte Adams 0-0: Ball
1-0: Foul Ball, location: 2F
1-1: Ball
2-1: Foul Ball, location: 2F
2-2: Ball
3-2: SOLO HOME RUN (Flyball, 7D), Distance : 399 ft
Batting: LHB Jim Unknown 0-0: Called Strike
0-1: Ball
1-1: Fly out, F7 (Flyball, 7S)
Batting: LHB Jim Unknown 0-0: Fly out, F8 (Flyball, 8RM)
Batting: RHB Dan Holliday 0-0: Called Strike
0-1: Called Strike
0-2: Ball
1-2: Ball
2-2: Ball
3-2: SINGLE (Groundball, 13) (infield hit)
Batting: RHB Jim Unknown 0-0: Ball
1-0: Foul Ball, location: 2F
1-1: Ball
2-1: Ball
3-1: Called Strike
3-2: Base on Balls
Dan Holliday to second
Batting: RHB Raúl Valadez 0-0: Foul Ball, location: 2F
0-1: Called Strike
0-2: Ball
1-2: Foul Ball, location: 2F
1-2: Ball
2-2: Foul Ball, location: 2F
2-2: Ball
3-2: Strikes out swinging
Top of the 4th over - 1 run(s), 2 hit(s), 0 error(s), 2 left on base; Lévis 3 - Warwick 7
BOTTOM OF THE 4TH
Warwick Hunchbacks batting - Pitching for Lévis Rocks : RHP Jim Unknown
Batting: RHB Eric Russell 0-0: Ball
1-0: Ball
2-0: DOUBLE (Line Drive, 5D)
Batting: LHB Javier Pérez 0-0: Called Strike
0-1: Called Strike
0-2: Strikes out swinging
Batting: RHB Greg Robinson 0-0: Ball
1-0: 2-RUN HOME RUN (Flyball, 89XD), Distance : 393 ft
Batting: LHB Dave Harris 0-0: Called Strike
0-1: Ground out 3-1 (Groundball, 34)
Batting: RHB Chris Simons 0-0: Ground out 1-3 (Groundball, 13S)
Bottom of the 4th over - 2 run(s), 2 hit(s), 0 error(s), 0 left on base; Lévis 3 - Warwick 9
TOP OF THE 5TH
Lévis Rocks batting - Pitching for Warwick Hunchbacks : RHP Doruk Oyan
Batting: RHB Jim Unknown 0-0: Ball
1-0: SINGLE (Groundball, 4M)
Batting: SHB Tim Eldridge 0-0: Ball
1-0: Called Strike
1-1: Ball
2-1: Called Strike
2-2: Strikes out looking
Batting: RHB Cecil Cole 0-0: Ball
1-0: Called Strike
1-1: Ball
Passed Ball!
Jim Unknown to second
2-1: Fly out, F9 (Line Drive, 89S)
Batting: SHB Monte Adams 0-0: Ball
1-0: Ball
2-0: Foul Ball, location: 2F
2-1: Foul Ball, location: 2F
2-2: 2-RUN HOME RUN (Flyball, 9LD), Distance : 350 ft
Batting: LHB Jim Unknown 0-0: Foul Ball, location: 2F
0-1: Foul Ball, location: 2F
0-2: Strikes out swinging
Top of the 5th over - 2 run(s), 2 hit(s), 0 error(s), 0 left on base; Lévis 5 - Warwick 9
BOTTOM OF THE 5TH
Warwick Hunchbacks batting - Pitching for Lévis Rocks : RHP Jim Unknown
Batting: RHB Tim Godwin 0-0: Ball
1-0: Called Strike
1-1: Swinging Strike
1-2: Ball
2-2: Fly out, F8 (Flyball, 8RD)
Batting: RHB Julián Rocha 0-0: Ball
1-0: Called Strike
1-1: Called Strike
1-2: Ball
2-2: Strikes out looking
Batting: LHB Ted Cracknell 0-0: Ball
1-0: Called Strike
1-1: Ball
2-1: Foul Ball, location: 2F
2-2: Ball
3-2: SINGLE (Line Drive, 34)
Batting: RHB Ronald Sánchez 0-0: Swinging Strike
0-1: Ball
1-1: Ball
2-1: Ball
3-1: Called Strike
3-2: Foul Ball, location: 2F
3-2: Foul Ball, location: 2F
3-2: Strikes out looking
Bottom of the 5th over - 0 run(s), 1 hit(s), 0 error(s), 1 left on base; Lévis 5 - Warwick 9
TOP OF THE 6TH
Lévis Rocks batting - Pitching for Warwick Hunchbacks : RHP Doruk Oyan
Batting: LHB Jim Unknown 0-0: Ball
1-0: Called Strike
1-1: Ball
2-1: Called Strike
2-2: Fly out, F7 (Flyball, 7M)
Batting: RHB Dan Holliday 0-0: Called Strike
0-1: Foul Ball, location: 2F
0-2: SINGLE (Groundball, 3D)
Pitching: RHP Doug Ryan
Batting: RHB Jim Unknown 0-0: Called Strike
0-1: Grounds into double play, 6-4-3 (Groundball, 6)
Top of the 6th over - 0 run(s), 1 hit(s), 0 error(s), 0 left on base; Lévis 5 - Warwick 9
BOTTOM OF THE 6TH
Warwick Hunchbacks batting - Pitching for Lévis Rocks : RHP Jim Unknown
Batting: RHB Eric Russell 0-0: Ball
1-0: Swinging Strike
1-1: Ball
2-1: Foul Ball, location: 2F
2-2: Foul Ball, location: 2F
2-2: Strikes out swinging
Batting: LHB Javier Pérez 0-0: Called Strike
0-1: Ball
1-1: Ball
2-1: Swinging Strike
2-2: Foul Ball, location: 2F
2-2: Foul Ball, location: 2F
2-2: Ball
3-2: Strikes out looking
Pitching: RHP Jim Unknown
Batting: RHB Greg Robinson 0-0: Ball
1-0: Called Strike
1-1: Ball
2-1: Ball
3-1: Base on Balls
Batting: LHB Dave Harris 0-0: Ball
1-0: Ball
2-0: Ball
3-0: Called Strike
3-1: Swinging Strike
3-2: Strikes out swinging
Bottom of the 6th over - 0 run(s), 0 hit(s), 0 error(s), 1 left on base; Lévis 5 - Warwick 9
TOP OF THE 7TH
Lévis Rocks batting - Pitching for Warwick Hunchbacks : RHP Doug Ryan
Batting: RHB Raúl Valadez 0-0: Ball
1-0: Fly out, F9 (Flyball, 9M)
Batting: RHB Jim Unknown 0-0: Foul Ball, location: 2F
0-1: Ball
1-1: Called Strike
1-2: Ball
2-2: Strikes out swinging
Batting: SHB Tim Eldridge 0-0: Foul Ball, location: 2F
0-1: Ball
1-1: Ground out U3 (Groundball, 3L)
Top of the 7th over - 0 run(s), 0 hit(s), 0 error(s), 0 left on base; Lévis 5 - Warwick 9
BOTTOM OF THE 7TH
Warwick Hunchbacks batting - Pitching for Lévis Rocks : RHP Jim Unknown
Batting: RHB Chris Simons 0-0: Ball
1-0: Called Strike
1-1: Swinging Strike
1-2: Ball
2-2: Ball
3-2: Foul Ball, location: 2F
3-2: Base on Balls
Batting: RHB Tim Godwin 0-0: Called Strike
0-1: Grounds into double play, 5-4-3 (Groundball, 5)
Batting: RHB Julián Rocha 0-0: Foul Ball, location: 2F
0-1: Fly out, F6 (Line Drive, 6)
Bottom of the 7th over - 0 run(s), 0 hit(s), 0 error(s), 0 left on base; Lévis 5 - Warwick 9
TOP OF THE 8TH
Lévis Rocks batting - Pitching for Warwick Hunchbacks : RHP Doug Ryan
Batting: RHB Cecil Cole 0-0: Ball
1-0: Called Strike
1-1: Foul Ball, location: 2F
1-2: Foul Ball, location: 2F
1-2: Ground out 2-3 (Groundball, 2L)
Pitching: RHP Victor Powell
Batting: SHB Monte Adams 0-0: Ball
1-0: Ball
2-0: Ball
3-0: Foul Ball, location: 2F
3-1: Base on Balls
Batting: LHB Jim Unknown 0-0: Ball
1-0: Foul Ball, location: 2F
1-1: SINGLE (Groundball, 56)
Monte Adams to second
Pitching: LHP Howard Dale
Batting: LHB Jim Unknown 0-0: Called Strike
0-1: Ball
1-1: Fielders Choice at 2nd, U4 (Groundball, 4M)
Monte Adams to third
Pitching: RHP Jim Logan
Batting: RHB Dan Holliday 0-0: Called Strike
0-1: Ball
1-1: SINGLE (Groundball, 56D)
Monte Adams scores
Jim Unknown to second
Batting: RHB Jim Unknown 0-0: Ball
1-0: Called Strike
1-1: Fielders Choice at 2nd, U4 (Groundball, 4M)
Top of the 8th over - 1 run(s), 2 hit(s), 0 error(s), 2 left on base; Lévis 6 - Warwick 9
BOTTOM OF THE 8TH
Warwick Hunchbacks batting - Pitching for Lévis Rocks : RHP Jim Unknown
Batting: LHB Ted Cracknell 0-0: Ball
1-0: Ball
2-0: Foul Ball, location: 2F
2-1: Ball
3-1: Fly out, F4 (Popup, 4D)
Batting: RHB Ronald Sánchez 0-0: Called Strike
0-1: Ball
1-1: SOLO HOME RUN (Flyball, 7D), Distance : 386 ft
Batting: RHB Eric Russell 0-0: Ball
1-0: Called Strike
1-1: Ball
2-1: Called Strike
2-2: Foul Ball, location: 2F
2-2: Ground out 4-3 (Groundball, 4M)
Batting: LHB Javier Pérez 0-0: Swinging Strike
0-1: Ball
1-1: Swinging Strike
1-2: Strikes out looking
Bottom of the 8th over - 1 run(s), 1 hit(s), 0 error(s), 0 left on base; Lévis 6 - Warwick 10
TOP OF THE 9TH
Lévis Rocks batting - Pitching for Warwick Hunchbacks : RHP Jim Logan
Batting: RHB Raúl Valadez 0-0: Foul Ball, location: 2F
0-1: Ball
1-1: Foul Ball, location: 2F
1-2: Strikes out swinging
Batting: RHB Jim Unknown 0-0: Ground out U3 (Groundball, 3S)
Batting: SHB Tim Eldridge 0-0: Hit by Pitch
Batting: RHB Cecil Cole 0-0: Ball
1-0: Swinging Strike
1-1: Foul Ball, location: 2F
1-2: Ball
2-2: Foul Ball, location: 2F
2-2: Strikes out swinging
Top of the 9th over - 0 run(s), 0 hit(s), 0 error(s), 1 left on base; Lévis 6 - Warwick 10
This league is powered by Out of the Park Baseball, the baseball management simulation game for PC, Mac and Linux
Saturday, February 27th, 2021 - OOTP Baseball 15.6 Build 34